 Dungeon Crawl Stone Soup version 0.29-a0-284-gf9362112df (webtiles) character file.

Game seed: 5401535937226296672

17864 spaghetti the Basher (level 12, -16/117 HPs)
             Began as an Ogre Warper on Mar 25, 2022.
             Was a High Priest of Hepliaklqana.
             Demolished by an enormous slime creature (76 damage)
             ... on level 12 of the Dungeon.
             The game lasted 00:35:39 (11523 turns).

spaghetti the Basher (Ogre Warper)                 Turns: 11523, Time: 00:35:40

Health: -16/117    AC:  8    Str: 22    XL:     12   Next: 52%
Magic:  27/27      EV:  8    Int: 16    God:    Hepliaklqana [*****.]
Gold:   224        SH:  8    Dex:  8    Spells: 6/15 levels left

rFire   . . .      SeeInvis .   O - +6 demon whip (venom) {mace}
rCold   . . .      Faith    .   l - +0 kite shield
rNeg    . . .      Spirit   .   e - +0 troll leather armour
rPois   .          Reflect  .   j - +2 hat
rElec   .          Harm     .   r - +0 cloak
rCorr   .          Rampage  .   (gloves unavailable)
Will    +....                   (boots unavailable)
Stlth   +.........              f - amulet of regeneration {@e2}
HPRegen 1.89/turn               s - ring of magical power
MPRegen 0.20/turn               y - ring of wizardry

@: no status effects
A: reduced essence, large, unfitting armour, tough skin 1, horns 1, clever 1
a: Renounce Religion, Recall Ancestor, Ancestor Identity, Transference, Idealise


You were on level 12 of the Dungeon.
You worshipped Hepliaklqana.
Hepliaklqana was extremely pleased with you.
You visited 1 branch of the dungeon, and saw 12 of its levels.

You collected 938 gold pieces.
You spent 714 gold pieces at shops.


Innate Abilities, Weirdness & Mutations

Your life essence is reduced to manifest your ancestor. (-10% HP)
You are too large for most types of armour.
You have tough skin. (AC +1)
You have a pair of small horns on your head.
Your mind is acute. (Int +2)


   Skills:
 + Level 11.4 Fighting
 - Level 14.0 Maces & Flails
 - Level 1.0 Throwing
 - Level 2.1 Dodging
 * Level 6.8 Shields
 - Level 2.4 Spellcasting
 - Level 2.6 Translocations
 * Level 8.0 Invocations


You had 6 spell levels left.
You knew the following spells:

 Your Spells              Type           Power      Damage    Failure   Level
a - Blink                 Tloc           20%        N/A       10%         2
b - Teleport Other        Tloc           10%        N/A       19%         3
c - Swiftness             Air            1%         N/A       47%         3
d - Apportation           Tloc           20%        N/A       6%          1

Your spell library contained the following spells:

 Spells                   Type           Power      Damage    Failure   Level
 Animate Skeleton         Necr           2%         N/A       19%         1
 Foxfire                  Conj/Fire      4%         2x1d4     19%         1
 Magic Dart               Conj           4%         1d3       19%         1
 Pain                     Necr           4%         1d4       19%         1
 Sting                    Tmut/Pois      4%         1d3       19%         1
 Summon Small Mammal      Summ           4%         N/A       19%         1
 Gell's Gravitas          Tloc           10%        N/A       19%         3
 Lesser Beckoning         Tloc           10%        N/A       19%         3
 Ensorcelled Hibernation  Hex/Ice        2%         N/A       28%         2
 Passwall                 Tmut/Erth      0%         N/A       28%         2
 Poisonous Vapours        Pois/Air       2%         N/A       28%         2
 Searing Ray              Conj           2%         2d4       28%         2
 Confusing Touch          Hex            1%         N/A       47%         3
 Conjure Flame            Conj/Fire      1%         6-21      47%         3
 Inner Flame              Hex/Fire       1%         N/A       47%         3
 Vampiric Draining        Necr           1%         2d6       47%         3
 Manifold Assault         Tloc           10%        N/A       85%         5
 Flame Wave               Conj/Fire      1%         2d4       86%         4
 Fulminant Prism          Conj/Hex       0%         3d6       86%         4
 Olgreb's Toxic Radiance  Pois           1%         N/A       86%         4
 Yara's Violent Unravell  Hex/Tmut       0%         3d3       99%         5
 Enfeeble                 Hex            0%         N/A       100%        7

Inventory:

Hand Weapons
 O - a +6 demon whip of venom (weapon) {mace}
   (You took it off Amaemon on level 8 of the Dungeon)
Missiles
 b - 11 boomerangs {throwing}
 c - 6 javelins {throwing}
 d - 6 boomerangs of dispersal {=f!fthrowing}
 h - 2 throwing nets {=f!fthrowing}
 m - 42 poisoned darts {throwing}
 B - 190 stones (quivered) {throwing}
 I - 3 curare-tipped darts {=fthrowing}
 R - 6 large rocks {=fthrowing}
 V - 4 datura-tipped darts {throwing}
Armour
 e - a +0 troll leather armour (worn)
   (You found it on level 10 of the Dungeon)
 j - a +2 hat (worn)
   (You found it on level 5 of the Dungeon)
 l - a +0 kite shield (worn)
   (You found it on level 9 of the Dungeon)
 r - a +0 cloak (worn)
   (You took it off Crazy Yiuf on level 2 of the Dungeon)
 D - +0 steam dragon scales
   (You found it on level 4 of the Dungeon)
Magical Staves
 N - a staff of cold {!astaff}
   (You found it on level 8 of the Dungeon)
Jewellery
 f - an amulet of regeneration (around neck) {@e2}
   (You found it on level 1 of the Dungeon)
 k - a ring of protection from fire
   (You found it on level 1 of the Dungeon)
 o - a ring of protection from cold
   (You found it on level 9 of the Dungeon)
 s - a ring of magical power (left hand)
   (You bought it in a shop on level 10 of the Dungeon)
 y - a ring of wizardry (right hand)
   (You found it on level 3 of the Dungeon)
 K - an amulet of magic regeneration {@e2}
   (You found it on level 6 of the Dungeon)
 M - a ring of fire
   (You found it on level 8 of the Dungeon)
 T - a ring of fire
   (You found it on level 12 of the Dungeon)
Wands
 q - a wand of polymorph (11)
   (You took it off Crazy Yiuf on level 2 of the Dungeon)
 x - a wand of digging (5)
   (You found it on level 3 of the Dungeon)
 G - a wand of flame (16)
   (You found it on level 11 of the Dungeon)
 S - a wand of acid (3)
   (You found it on level 12 of the Dungeon)
Scrolls
 g - 3 scrolls of amnesia
 i - 5 scrolls of noise {!r}
 n - 5 scrolls of magic mapping {!r}
 p - 2 scrolls of vulnerability {!r!r}
 u - 2 scrolls of immolation {!r!r}
 w - 2 scrolls of identify {@r1}
 C - 4 scrolls of fear
 J - a scroll of enchant armour
 P - a scroll of torment {!r}
Potions
 a - 2 potions of ambrosia
 t - 4 potions of curing {@q1}
 v - 4 potions of degeneration {!q@e2}
 z - a potion of magic
 A - a potion of might
 E - a potion of mutation {!q}
 F - a potion of attraction {unknown}
 H - 2 potions of haste {@q3}
 L - a potion of lignification {unknown}
 Q - a potion of brilliance {unknown}
 U - a potion of resistance {unknown}

Dungeon Overview and Level Annotations

Branches:
Dungeon (12/15)            Temple (0/1) D:4             Orc (0/2) D:12
   Lair: D:8-11

Altars:
Ashenzari
Cheibriados
Gozag
Hepliaklqana
Kikubaaqudgha
Makhleb
Nemelex Xobeh
Ru
Trog
Vehumet
The Shining One

Shops:
D:1 [[*(   D:4 *:((:   D:10 *   D:11 *

Portals:
Trove: D:12 (give +5 ice dragon scales)

Annotations:
D:10 exclusions: door and 5 electric eels
D:12 exclusion: electric eel

#..##..# ######.## #.###.##
.......... ..##^.# ..........
.###รท## ########## .##..# ###.##
##..# ########################
##.## ......JR................
...### ......T@................
##...# ############.....[......
#...# #............ #...#
#.....<...... #...# #............
##...# ########### #.........>..
.....####.........###............
........#.#.#.#.#.##.............
........'.........โˆฉ#.############


You could see the friendly ardleman the knight, an enormous slime creature and a
troll (very poisoned, ally target).


Message History

Press: ? - help, Q - select action, (/) - cycle Shift-Dir - straight line, f/p - orc wizard
Aim: an orc wizard, wielding a +0 dagger and wearing a +0 robe (severely wounded, ally target, 53% to hit)
You throw a stone {throwing}.
The stone {throwing} barely misses the orc wizard.
The orc wizard casts a spell.
The orc wizard flickers and vanishes!
Deactivating autopickup; reactivate with Ctrl-A. ๐Ÿ˜• HP[+2]
You regained 2 hp, and now have 107/117 hp.
Throw: 190 stones {throwing}
Press: ? - help, Q - select action, (/) - cycle Shift-Dir - straight line, f - you That would be overly suicidal.
Okay, then.
Unknown command.
Ardleman closely misses something. ๐Ÿ˜• HP[+2]
You regained 2 hp, and now have 109/117 hp.
Ardleman barely misses something. ๐Ÿ˜• HP[+2]
You regained 2 hp, and now have 111/117 hp.
Ardleman misses something. ๐Ÿ˜• HP[+2]
You regained 2 hp, and now have 113/117 hp.
Ardleman hits something with a +0 flail!
Reactivating autopickup.
You feel a bit more experienced. ๐Ÿ˜• HP[+2]
You regained 2 hp, and now have 115/117 hp. ๐Ÿ˜Ž HP[+2]
Your hp is fully restored (117).
V - 4 datura-tipped darts {throwing} Key pressed, stopping explore.
Items here: )) [[ โ€ โ€ .
You see here a +0 war axe {axe}.
Things that are here:
a +0 trident {polearm}; a +0 scale mail; an orc corpse
Things that are here:
a +0 short sword {short}; an orc skeleton
Items here: )) [[ รทรท.
Key pressed, stopping explore.
Things that are here:
a +0 club {mace}; an orc skeleton A troll comes into view.
The troll shouts!
A slime creature comes into view.
A slime creature comes into view.
The slime creature quivers.
A slime creature comes into view.
A slime creature comes into view.
The slime creature quivers. x2
The troll bites you! You block the troll's attack.
The troll claws you. ๐Ÿ˜• HP[-12]
You take 12 damage, and now have 105/117 hp.
You thrash the slime creature!!
The slime creature is poisoned. ๐Ÿ˜• HP[+1]
You hit the slime creature.
You headbutt the slime creature, but do no damage.
You block the slime creature's attack.
Two slime creatures merge to form a large slime creature.
You block the troll's attack. The troll claws you. The troll barely misses you.
You whack the large slime creature!
You headbutt the large slime creature, but do no damage.
Ardleman closely misses the troll.
You thrash the large slime creature!! The troll bites you.
The troll claws you but does no damage. The troll claws you.
Two slime creatures merge to form a very large slime creature.
You whack the very large slime creature!
Ardleman closely misses the troll.
The troll bites you! The troll barely misses you.
The troll claws you but does no damage.
Two slime creatures merge to form an enormous slime creature.
You are too injured to fight recklessly!
You are too injured to fight recklessly!
You are too injured to fight recklessly!
You are too injured to fight recklessly!
You are too injured to fight recklessly!
You are too injured to fight recklessly!
You are too injured to fight recklessly! ๐Ÿ˜• HP[-14]
You take 14 damage, and now have 92/117 hp.
You are too injured to fight recklessly!
You are too injured to fight recklessly!
You are too injured to fight recklessly!
You are too injured to fight recklessly!
You are too injured to fight recklessly!
Unknown command.
You hit the troll.
The troll is poisoned.
Ardleman barely misses the troll. ๐Ÿ˜• HP[+1]
You barely miss the troll.
You headbutt the troll, but do no damage.
The troll bites you! The troll claws you. The troll claws you! ๐Ÿ˜ฎ HP[-20]
You take 20 damage, and now have 73/117 hp.
You barely miss the troll.
The enormous slime creature looks more healthy.
Ardleman hits the troll with a +0 flail.
The troll bites you! The troll claws you but does no damage.
The troll claws you!
The enormous slime creature hits you!!!!
Ouch! That really hurt!
You die...

Skill      XL: |  1  2  3  4  5  6  7  8  9 10 11 12 |
---------------+-------------------------------------+-----
Maces & Flails | 2 3 5 6 7 10 12 14 | 14.0
Fighting       | 3 4 8 10 11 | 11.4
Shields        | 5 6 |  6.8
Invocations    | 6 8 |  8.0
Throwing       | |  1.0
Dodging        | |  2.1
Spellcasting   | |  2.4
Translocations | |  2.6

Action                   |  1- 3 |  4- 6 |  7- 9 | 10-12 || total
-------------------------+-------+-------+-------+-------++-------
Melee: Mace              |    53 |    68 |   150 |       ||   271
       Dagger            |    25 |       |       |       ||    25
       Punch             |     1 |     1 |     1 |     2 ||     5
       Demon whip        |       |       |       |   492 ||   492
       Unarmed           |       |       |       |    21 ||    21
       Headbutt          |       |       |       |    41 ||    41
Throw: Dart              |     5 |       |       |    15 ||    20
       Boomerang         |     1 |       |       |       ||     1
       Stone             |       |       |       |    61 ||    61
 Cast: Blink             |       |       |       |    11 ||    11
       Teleport Other    |       |       |       |     7 ||     7
       Swiftness         |       |       |       |     2 ||     2
       Apportation       |       |       |       |     2 ||     2
Invok: Ancestor Life: Kn |     1 |       |       |       ||     1
       Ancestor Identity |     1 |       |       |       ||     1
       Recall Ancestor   |       |     1 |     1 |     6 ||     8
       Transference      |       |       |       |     4 ||     4
       Idealise          |       |       |       |     1 ||     1
Evoke: Wand              |       |       |     6 |     4 ||    10
  Use: Scroll            |       |     4 |     7 |    13 ||    24
       Potion            |       |       |     4 |    10 ||    14
 Stab: Sleeping          |       |       |       |     1 ||     1
       Distracted        |       |       |       |     1 ||     1
Armor: Robe              |    31 |    13 |       |       ||    44
       Steam dragon scal |       |     7 |    52 |    62 ||   121
       Troll leather arm |       |       |       |    91 ||    91
Dodge: Dodged            |    48 |    38 |    70 |   137 ||   293
Block: Kite shield       |       |       |       |    95 ||    95

Levels and vault maps discovered:
D:1:      onia_arrival_pentagram, layout_loops_ring, serial_aquarium,
          aquarium_bridge_long_separate [aquarium_subvault_bridge,
          aquarium_subvault_bridge, aquarium_subvault_bridge,
          aquarium_subvault_bridge, aquarium_subvault_window,
          aquarium_subvault_bridge], aquarium_bridge_square
          [aquarium_subvault_bridge, aquarium_subvault_wall,
          aquarium_subvault_bridge, aquarium_subvault_bridge],
          aquarium_window_corridor_1, aquarium_window_2, aquarium_view_2a,
          aquarium_view_2c, aquarium_balcony_3a, aquarium_pool_S,
          shapermc_ecumenical_altar_hornbeckon, serial_shops,
          nicolae_shop_overgrown_old_shop, shop, shop,
          nicolae_shop_temple_entry_statues_fountains, corexii_corridor_pit
D:2:      layout_basic, basic_altar, fountainhead, uniq_crazy_yiuf_cottage
D:3:      layout_rooms, makhleb_altar_promises_db, hangedman_glass_teeth,
          uniq_jessica
D:4:      cheibrodos_fertilizer, layout_cave_pods,
          mainiacjoe_overflow_surrounded_room,
          minmay_temple_entry_statues_pillars, serial_shops,
          nicolae_shop_statue_plus, shop, shop_statue, kennysheep_mini,
          shop_fountains, chequers_serial_rivers_small_a
D:5:      layout_rooms, nemelex_xobeh_ov_fountains_minmay, minmay_hedge_maze,
          uniq_edmund
D:6:      layout_loops_ring
D:7:      layout_rooms, minmay_statues_item, corexii_hall_statues_l,
          uniq_menkaure
D:8:      minmay_recursive_quarters, layout_loops_ring,
          nicolae_vehumet_altar_sigil, mainiacjoe_overflow_alcove_2,
          kiku_gazebo_pond_becter, chequers_temple_overflow_minitemple,
          uniq_amaemon
D:9:      layout_gridville, chequers_hall_statues_corner_a
D:10:     layout_basic, erik_lair_island, serial_shops,
          nicolae_shop_advertising_works [nicolae_subvault_shop_adworks],
          uniq_psyche
D:11:     layout_basic, serial_shops, kennysheep_little_box,
          portal_ice_cave_demonic_guard, nicolae_ru_the_path_less_chosen,
          uniq_sonja
D:12:     layout_long_grid, erik_orc_2, nicolae_trove_entry_columns,
          nicolae_benzene_ring, grunt_tough_drop

Notes
Turn   | Place    | Note
-------+----------+-------------------------------------------
     0 | D:1      | spaghetti the Ogre Warper began the quest for the Orb.
     0 | D:1      | Reached XP level 1. HP: 22/22 MP: 3/3
     0 | D:1      | magus.rc [v1.9.6]
    33 | D:1      | Found Kerraluus's Armour Shoppe.
   118 | D:1      | Found a faded altar of an unknown god.
   161 | D:1      | Reached skill level 2 in Maces & Flails
   197 | D:1      | Prayed at the altar of an unknown god.
   197 | D:1      | Became a worshipper of Hepliaklqana the Forgotten
   197 | D:1      | Reached * piety under Hepliaklqana
   333 | D:1      | Reached skill level 3 in Fighting
   333 | D:1      | Reached XP level 2. HP: 26/27 MP: 5/5
   362 | D:1      | Found Vuuthyipe's Weapon Emporium.
   385 | D:1      | Found Mechouna's Assorted Antiques.
   503 | D:1      | Found Pauhaib's Antique Armour Shoppe.
   791 | D:1      | You add the spells Sting, Poisonous Vapours and Olgreb's
                  | Toxic Radiance to your library.
  1102 | D:2      | Reached ** piety under Hepliaklqana
  1124 | D:2      | Remembered your ancestor ardleman as a knight
  1181 | D:2      | Found a sacrificial altar of Ru.
  1303 | D:2      | Reached XP level 3. HP: 33/33 MP: 6/6
  1333 | D:2      | You pick up a book of Cantrips and begin reading...
  1333 | D:2      | You add the spells Animate Skeleton, Summon Small Mammal
                  | and Apportation to your library.
  1785 | D:2      | Found a runed translucent door.
  1786 | D:2      | Noticed Crazy Yiuf
  1980 | D:2      | Killed Crazy Yiuf
  1981 | D:2      | Reached skill level 4 in Fighting
  1981 | D:2      | Reached skill level 3 in Maces & Flails
  1981 | D:2      | Reached XP level 4. HP: 43/43 MP: 7/7
  2038 | D:2      | Identified the +9 mace of the Two Names {drain, rC+}
  2162 | D:3      | Noticed Jessica
  2168 | D:3      | Killed Jessica
  2245 | D:3      | Reached XP level 5. HP: 48/48 MP: 8/8
  2289 | D:3      | Found a burning altar of Makhleb.
  2289 | D:3      | Noticed a cacodemon
  2302 | D:3      | Learned a level 2 spell: Blink
  2306 | D:3      | Learned a level 3 spell: Teleport Other
  2488 | D:3      | Reached skill level 4 in Maces & Flails
  2626 | D:1      | Bought a distressingly furry robe for 182 gold pieces
  2626 | D:1      | Identified the +1 robe of Indemnity {-Tele rPois Dex+3}
                  | (You bought it in a shop on level 1 of the Dungeon)
  2765 | D:4      | Found Avejov's Book Emporium.
  2788 | D:4      | Noticed a steam dragon
  2795 | D:4      | Killed a steam dragon
  2796 | D:4      | Reached skill level 5 in Maces & Flails
  2796 | D:4      | Reached XP level 6. HP: 47/55 MP: 9/9
  2854 | D:4      | Found a glowing golden altar of the Shining One.
  2912 | D:4      | Found Leohyrph's Assorted Antiques.
  2920 | D:4      | Reached *** piety under Hepliaklqana
  3011 | D:4      | Found Zapren's Antique Weapon Shop.
  3063 | D:4      | Reached skill level 6 in Maces & Flails
  3098 | D:4      | Found Jolefi's Weapon Emporium.
  3300 | D:4      | Found Ocrui's Book Emporium.
  3343 | D:4      | Found a staircase to the Ecumenical Temple.
  3379 | D:4      | You pick up a book of Burglary and begin reading...
  3379 | D:4      | You add the spells Passwall, Ensorcelled Hibernation and
                  | Swiftness to your library.
  3404 | D:4      | Reached XP level 7. HP: 60/63 MP: 10/10
  3561 | D:5      | Entered Level 5 of the Dungeon
  3575 | D:5      | Reached skill level 7 in Maces & Flails
  3671 | D:5      | Reached XP level 8. HP: 63/70 MP: 11/11
  3675 | D:5      | Reached skill level 8 in Maces & Flails
  3703 | D:5      | Noticed Edmund
  3711 | D:5      | Killed Edmund
  3898 | D:5      | Found a sparkling altar of Nemelex Xobeh.
  3955 | D:5      | Reached skill level 9 in Maces & Flails
  3995 | D:5      | You pick up a book of Misfortune and begin reading...
  3995 | D:5      | You add the spells Confusing Touch, Yara's Violent
                  | Unravelling and Enfeeble to your library.
  4075 | D:5      | Reached **** piety under Hepliaklqana
  4416 | D:6      | You pick up a book of Flames and begin reading...
  4416 | D:6      | You add the spells Foxfire, Conjure Flame, Inner Flame and
                  | Flame Wave to your library.
  4442 | D:6      | Identified the +6 war axe "Jeum" {venom, Dex+6}
  4538 | D:6      | Reached skill level 10 in Maces & Flails
  4648 | D:6      | Reached XP level 9. HP: 75/75 MP: 12/12
  5141 | D:7      | Noticed a hornet
  5148 | D:7      | Killed a hornet
  5198 | D:7      | Noticed Menkaure
  5205 | D:7      | Killed Menkaure
  5206 | D:7      | Reached skill level 11 in Maces & Flails
  5258 | D:8      | Found an ancient bone altar of Kikubaaqudgha.
  5328 | D:8      | Noticed a hornet
  5334 | D:8      | Killed a hornet
  5489 | D:8      | Noticed Amaemon
  5490 | D:8      | Noticed an orange demon
  5495 | D:8      | Killed an orange demon
  5496 | D:8      | Reached skill level 12 in Maces & Flails
  5497 | D:8      | Killed Amaemon
  5498 | D:8      | Reached XP level 10. HP: 83/83 MP: 13/13
  5742 | D:8      | Found a radiant altar of Vehumet.
  5752 | D:8      | Reached skill level 13 in Maces & Flails
  6300 | D:7      | Learned a level 3 spell: Swiftness
  6724 | D:8      | Found a snail-covered altar of Cheibriados.
  6918 | D:8      | Found a broken altar of Ashenzari.
  6918 | D:8      | Found a faded altar of an unknown god.
  6925 | D:8      | Found a faded altar of an unknown god.
  6926 | D:8      | Reached ***** piety under Hepliaklqana
  6927 | D:8      | Found a bloodstained altar of Trog.
  6929 | D:8      | Found an opulent altar of Gozag.
  7103 | D:8      | Noticed a death knight
  7103 | D:8      | Noticed a phantasmal warrior
  7203 | D:8      | You fall into a shaft and drop 3 floors!
  7212 | D:11     | Reached skill level 14 in Maces & Flails
  7214 | D:11     | Reached skill level 5 in Fighting
  7256 | D:11     | Noticed a two-headed ogre
  7256 | D:11     | Noticed a green ugly thing
  7284 | D:11     | Killed a green ugly thing
  7285 | D:11     | Reached skill level 6 in Fighting
  7290 | D:10     | Entered Level 10 of the Dungeon
  7349 | D:10     | Noticed Psyche
  7370 | D:10     | HP: 22/88 [something (6)]
  7375 | D:10     | HP: 20/88 [something (3)]
  7379 | D:10     | HP: 8/88 [something (10)]
  7385 | D:10     | Killed Psyche
  7386 | D:10     | Reached skill level 7 in Fighting
  7637 | D:10     | You pick up a book of Necromancy and begin reading...
  7637 | D:10     | You add the spells Pain and Vampiric Draining to your
                  | library.
  7739 | D:9      | Noticed a two-headed ogre
  7866 | D:9      | Reached skill level 8 in Fighting
  7866 | D:9      | Reached XP level 11. HP: 68/99 MP: 11/14
  7957 | D:9      | Reached skill level 9 in Fighting
  8041 | D:9      | Killed a two-headed ogre
  8042 | D:9      | Reached skill level 1 in Shields
  8042 | D:9      | Reached skill level 1 in Invocations
  8051 | D:9      | Noticed a two-headed ogre
  8062 | D:9      | Reached skill level 2 in Shields
  8062 | D:9      | Reached skill level 2 in Invocations
  8149 | D:9      | Killed a two-headed ogre
  8189 | D:9      | Reached skill level 3 in Invocations
  8362 | D:4      | Bought a potion of curing for 63 gold pieces
  8365 | D:4      | Gained mutation: Your mind is acute. (Int +2) [potion of
                  | mutation]
  8365 | D:4      | Gained mutation: You have a pair of small horns on your
                  | head. [potion of mutation]
  8366 | D:4      | Bought a scroll of identify for 42 gold pieces
  8366 | D:4      | Bought a scroll of enchant weapon for 157 gold pieces
  8596 | D:9      | Reached skill level 3 in Shields
  9076 | D:10     | Reached skill level 4 in Invocations
  9125 | D:10     | Reached skill level 10 in Fighting
  9143 | D:10     | Learned a level 1 spell: Apportation
  9178 | D:10     | Reached skill level 4 in Shields
  9299 | D:10     | Found Urip's Assorted Antiques.
  9307 | D:10     | Bought a runed pearl ring for 180 gold pieces
  9589 | D:11     | Noticed a manticore
  9598 | D:11     | Killed a manticore
  9629 | D:11     | Reached skill level 5 in Invocations
  9663 | D:11     | Killed a two-headed ogre
  9749 | D:11     | You pick up a book of Conjurations {@e2} and begin
                  | reading...
  9749 | D:11     | You add the spells Magic Dart, Searing Ray and Fulminant
                  | Prism to your library.
  9785 | D:11     | Reached skill level 5 in Shields
  9838 | D:11     | Reached skill level 6 in Invocations
  9838 | D:11     | Reached XP level 12. HP: 53/115 MP: 16/16
  9890 | D:11     | Noticed Sonja
  9897 | D:11     | Killed Sonja
  9945 | D:11     | Found a sacrificial altar of Ru.
 10114 | D:11     | Noticed a two-headed ogre
 10121 | D:11     | Killed a two-headed ogre
 10398 | D:11     | Found Wuceez's General Store.
 10403 | D:11     | Bought a scroll of enchant armour for 90 gold pieces
 10534 | D:12     | Noticed a two-headed ogre
 10542 | D:12     | Killed a two-headed ogre
 10543 | D:12     | Reached skill level 11 in Fighting
 10543 | D:12     | Reached skill level 6 in Shields
 10543 | D:12     | Reached skill level 7 in Invocations
 10634 | D:12     | Noticed a boulder beetle
 10896 | D:12     | Found a portal to a secret trove of treasure.
 11048 | D:12     | HP: 26/117 [boulder beetle (14)]
 11060 | D:12     | Killed a boulder beetle
 11366 | D:12     | Reached skill level 8 in Invocations
 11417 | D:12     | Found a staircase to the Orcish Mines.
 11523 | D:12     | Demolished by an enormous slime creature

Vanquished Creatures
  4 two-headed ogres
  Sonja (D:11)
  Amaemon (D:8)
  A manticore (D:11)
  A cyclops (D:12)
  An orange demon (D:8)
  An ice devil (D:11)
  Psyche (D:10)
  2 komodo dragons
  A polar bear (shapeshifter) (D:12)
  6 trolls
  2 hornets
  A water elemental (D:11)
  A shadow (D:11)
  A vampire (D:10)
  3 yaks (D:9)
  2 wyverns
  2 vampire mosquitoes (D:11)
  A steam dragon (D:4)
  Edmund (D:5)
  An acid dragon (D:10)
  A water moccasin (D:8)
  9 orc warriors
  A sky beast (D:6)
  A black bear (D:5)
  2 ice beasts
  4 ogres
  2 centaurs
  A boggart (D:12)
  A wolf (D:10)
  2 kobold brigands
  A gnoll sergeant (D:9)
  5 bullfrogs
  4 scorpions
  A necrophage (D:7)
  4 wights
  7 electric eels
  4 howler monkeys
  Crazy Yiuf (D:2)
  5 jellies
  6 orc priests
  6 hounds
  3 iguanas
  4 orc wizards
  3 gnolls (D:9)
  4 adders
  3 white imps
  An ufetubus (D:4)
  A worm (D:2)
  3 dart slugs
  33 orcs
  4 bats
  12 endoplasms
  4 giant cockroaches
  4 goblins
  5 hobgoblins
  A jackal (D:3)
  2 quokkas
  5 ball pythons
  21 kobolds
  5 rats
221 creatures vanquished.

Vanquished Creatures (collateral kills)
  A boulder beetle (D:12)
  A two-headed ogre (D:9)
  An ugly thing (D:11)
  A cyclops (D:12)
  A freezing wraith (D:8)
  An ice devil (D:11)
  A troll (D:10)
  A shadow (D:9)
  A yak (D:9)
  2 vampire mosquitoes (D:11)
  Menkaure (D:7)
  A water moccasin (D:7)
  A sky beast (D:5)
  An ogre (D:5)
  A centaur (D:9)
  4 wolves (D:10)
  A bullfrog (D:8)
  A scorpion (D:4)
  A wight (D:8)
  An electric eel (D:11)
  2 howler monkeys (D:7)
  A jelly (D:5)
  2 hounds
  Jessica (D:3)
  8 orc wizards
  A gnoll (D:9)
  An adder (D:4)
  A shadow imp (D:8)
  12 orcs
  2 endoplasms
  2 giant cockroaches
  A goblin (D:3)
  2 hobgoblins
  A jackal (D:3)
  4 kobolds
  A quokka (D:4)
  A ball python (D:1)
  2 rats
69 creatures vanquished.

Vanquished Creatures (others)
  An orc wizard (D:12)
  An orc (D:12)
  A kobold (D:10)
  5 knights
  2 fungi (D:4)
  10 toadstools (D:4)
20 creatures vanquished.

Grand Total: 310 creatures vanquished

Table legend:
 A = Non-vault XP
 B = Vault XP
 C = Vault XP percentage of total XP
 D = Non-vault monster count
 E = Vault monster count
 F = Vault count percentage of total count
                 A         B        C        D         E       F
            +---------+---------+-------+---------+---------+-------
      Total |   17564 |    7956 |  31.2 |     223 |      69 |  23.6
            +---------+---------+-------+---------+---------+-------
        D:1 |      13 |       0 |   0.0 |       9 |       0 |   0.0
        D:2 |      36 |      42 |  53.8 |      20 |       1 |   4.8
        D:3 |      54 |      37 |  40.7 |      20 |       1 |   4.8
        D:4 |     398 |     151 |  27.5 |      22 |      16 |  42.1
        D:5 |    1012 |     162 |  13.8 |      14 |       1 |   6.7
        D:6 |     896 |       0 |   0.0 |      17 |       0 |   0.0
        D:7 |    1491 |     165 |  10.0 |      26 |       1 |   3.7
        D:8 |    1434 |    1591 |  52.6 |      10 |      11 |  52.4
        D:9 |    4302 |       0 |   0.0 |      35 |       0 |   0.0
       D:10 |    1268 |    1216 |  49.0 |      17 |       9 |  34.6
       D:11 |    5282 |    1454 |  21.6 |      27 |       3 |  10.0
       D:12 |    1378 |    3138 |  69.5 |       6 |      26 |  81.2
            +---------+---------+-------+---------+---------+-------

Illustrated notes

Table legend:
 A = Kills in this place as a percentage of kills in entire the game.
 B = Kills by you in this place as a percentage of kills by you in the entire game.
 C = Kills by friends in this place as a percentage of kills by friends in the entire game.
 D = Other kills in this place as a percentage of other kills in the entire game.
 E = Experience gained in this place as a percentage of experience gained in the entire game.
 F = Experience gained in this place divided by the number of levels of this place that you have seen.
                   A       B       C       D       E      F
               +-------+-------+-------+-------+-------+----------------------
         Total | 100.0 | 100.0 | 100.0 | 100.0 | 100.0 | 2126.7
       Dungeon | 100.0 | 100.0 | 100.0 | 100.0 | 100.0 | 2126.7
               +-------+-------+-------+-------+-------+----------------------

Table legend: (Time is in decaauts)
 A = Elapsed time spent in this place.
 B = Non-inter-level travel time spent in this place.
 C = Inter-level travel time spent in this place.
 D = Time resting spent in this place.
 E = Time spent auto-exploring this place.
 F = Levels seen in this place.
 G = Mean time per level.
                   A        B        C        D        E       F      G
               +--------+--------+--------+--------+--------+-----+--------+
         Total |  11382 |  10474 |    908 |    786 |   7532 |  12 |  948.5 |
       Dungeon |  11382 |  10474 |    908 |    786 |   7532 |  12 |  948.5 |
               +--------+--------+--------+--------+--------+-----+--------+

Top non-repeatable levels by time:
     D:8: 1657 daAuts
     D:2: 1426 daAuts
    D:10: 1025 daAuts
    D:11: 1018 daAuts
    D:12: 995 daAuts
     D:6: 979 daAuts
     D:1: 885 daAuts
     D:4: 856 daAuts
     D:9: 752 daAuts
     D:5: 741 daAuts
     D:7: 590 daAuts
     D:3: 452 daAuts
